 Seeded DCSS version 0.28.0-1-gb440e238dd (webtiles) character file.

Game seed: 20220225 (custom seed)

752 Rennog the Fighter (level 7, -2/49 HPs)
             Began as a Gargoyle Fighter on Feb 25, 2022.
             Was an Initiate of Yredelemnul.
             Slain by an iguana (10 damage)
             ... on level 6 of the Dungeon.
             The game lasted 00:07:07 (5239 turns).

Rennog the Fighter (Gargoyle Fighter)               Turns: 5239, Time: 00:07:12

Health: -2/49      AC: 17    Str: 19    XL:     7   Next: 78%
Magic:  7/7        EV:  7    Int:  9    God:    Yredelemnul [......]
Gold:   169        SH:  4    Dex: 11    Spells: 6/6 levels left

rFire   . . .      SeeInvis .   a - +0 flail
rCold   . . .      Faith    .   c - +0 buckler
rNeg    + . .      Spirit   .   o - +0 chain mail
rPois   ∞          Reflect  .   t - +0 helmet
rElec   +          Harm     .   (no cloak)
rCorr   .          Rampage  .   (no gloves)
Will    .....                   r - +0 pair of boots
Stlth   ..........              (no amulet)
HPRegen 0.16/turn               (no ring)
MPRegen 0.10/turn               (no ring)

@: no status effects
A: sickness immunity, AC +4, negative energy resistance 1, electricity
resistance, torment resistance 1, petrification resistance
a: Renounce Religion, Recall Undead Harvest


You were on level 6 of the Dungeon.
You worshipped Yredelemnul.
Yredelemnul was noncommittal.
You visited 2 branches of the dungeon, and saw 7 of its levels.

You collected 169 gold pieces.

Inventory:

Hand Weapons
 a - a +0 flail (weapon)
Armour
 b - a +0 scale mail
 c - a +0 buckler (worn)
 o - a +0 chain mail (worn)
 r - a +0 pair of boots (worn)
 t - a +0 helmet (worn)
Jewellery
 u - a +4 ring of evasion
Scrolls
 e - 5 scrolls of teleportation {unknown}
 f - 2 scrolls of enchant armour {unknown}
 h - a scroll of magic mapping {unknown}
 j - 2 scrolls of noise {unknown}
 k - a scroll of blinking {unknown}
 l - 3 scrolls of identify {unknown}
 m - 2 scrolls of summoning {unknown}
 q - a scroll of fear {unknown}
 w - a scroll of amnesia {unknown}
Potions
 d - 2 potions of might
 g - a potion of magic {unknown}
 i - a potion of lignification {unknown}
 n - a potion of curing {unknown}
 p - a potion of degeneration {unknown}
 s - a potion of cancellation {unknown}
 v - 2 potions of brilliance {unknown}


   Skills:
 + Level 8.1 Fighting
 + Level 3.9 Maces & Flails
 + Level 5.0 Armour
 - Level 3.3 Shields


You had 6 spell levels left.
You didn't know any spells.
Your spell library contained the following spells:

 Spells                   Type           Power      Damage    Failure   Level
 Ensorcelled Hibernation  Hex/Ice        0%         N/A       100%        2
 Ignite Poison            Fire/Tmut/Pois 0%         N/A       100%        3
 Mephitic Cloud           Conj/Pois/Air  0%         N/A       100%        3
 Spider Form              Tmut/Pois      0%         N/A       100%        3
 Anguish                  Hex/Necr       0%         N/A       100%        4
 Olgreb's Toxic Radiance  Pois           0%         N/A       100%        4
 Freezing Cloud           Conj/Ice/Air   0%         6-21      100%        5
 Ozocubu's Refrigeration  Ice            0%         4d5       100%        7
 Ignition                 Fire           0%         3d3       100%        8


Dungeon Overview and Level Annotations

Branches:
Dungeon (6/15)             Temple (1/1) D:4

Altars:
Ashenzari
Cheibriados
Elyvilon
Fedhas
Gozag
Hepliaklqana
Kikubaaqudgha
Makhleb
Nemelex Xobeh
Okawaru
Qazlal
Ru
Sif Muna
Trog
Uskayaw
Vehumet
Wu Jian
Xom
Yredelemnul
Zin
The Shining One

Shops:
D:1 ?

Annotations:
D:4 3 runed translucent doors, Jase's ghost, amateur HOFi; snaxamus's ghost, novice SpHu
D:5 Pikel


Innate Abilities, Weirdness & Mutations

You are immune to sickness and miasma.
Your stone body is resilient. (AC +4)
You are immune to poison.
You resist negative energy. (rN+)
You are resistant to electric shocks. (rElec)
You are resistant to unholy torment.
You are immune to petrification.


Message History

Your orc zombie barely misses the iguana.
The iguana barely misses you.
Unknown command.
You barely miss the iguana.
The iguana is severely wounded.
The water moccasin bites you.
Your orc zombie closely misses the iguana.
The iguana completely misses you. The water moccasin bites you.
Your orc zombie hits the iguana but does no damage.
You hit the iguana.
The iguana is almost dead.
The water moccasin barely misses you. You block the iguana's attack.
Your orc zombie closely misses the iguana.
Your orc zombie hits the iguana but does no damage.
The water moccasin bites you.
The iguana barely misses your orc zombie.
You are too injured to fight recklessly!
Unknown command.
Unknown command.
You are too injured to fight recklessly!
Unknown command.
You are too injured to fight recklessly!
You are too injured to fight recklessly!
You hit the iguana but do no damage.
The iguana is almost dead.
The water moccasin bites you.
Your orc zombie barely misses the iguana.
Your orc zombie hits the iguana but does no damage.
The iguana bites your orc zombie!
Your orc zombie is destroyed!
The water moccasin bites you.
The iguana hisses angrily.
You barely miss the iguana.
The iguana is almost dead.
The water moccasin bites you!
* * * LOW HITPOINT WARNING * * *
Your orc zombie closely misses the iguana.
The iguana bites you!
You die...
Your body rises from the dead as a mindless zombie.

.....#.. ....#.. .##..#
.....##....##..
....######..............
........###......#......
................# ......
................##......
......Z##...............
....#Z####.......S......
#...#Z###......Z@l......
#.....#.#..####.Z....<..
..#.#........####......(
..#.##.....### #.....#
..#..####### .....#
.....# .##... ....## .
... .....# . #. ...###


You could see a water moccasin, an iguana (ally target) and 2 friendly orc
zombies.

Vanquished Creatures
  A water moccasin (D:4)
  An ice beast (D:6)
  A sky beast (D:6)
  A centaur (D:5)
  A hound (D:4)
  2 iguanas (D:4)
  Jessica (D:2)
  An orc wizard (D:4)
  2 hound skeletons (D:4)
  9 adders
  A worm (D:3)
  3 dart slugs
  14 orcs
  13 ball pythons
  A bat (D:1)
  4 endoplasms
  2 giant cockroaches
  7 hobgoblins
  6 jackals
  10 kobolds
  2 quokkas
  A frilled lizard (D:1)
  4 goblins
  7 rats
95 creatures vanquished.

Vanquished Creatures (collateral kills)
  A bullfrog zombie (D:5)
1 creature vanquished.

Vanquished Creatures (others)
  A centaur zombie (D:5)
  An orc zombie (D:6)
2 creatures vanquished.

Grand Total: 98 creatures vanquished

Notes
Turn   | Place    | Note
-------+----------+-------------------------------------------
     0 | D:1      | Rennog the Gargoyle Fighter began the quest for the Orb.
     0 | D:1      | Reached XP level 1. HP: 14/14 MP: 1/1
   227 | D:1      | Reached XP level 2. HP: 20/20 MP: 2/2
   265 | D:1      | Reached skill level 4 in Fighting
   581 | D:1      | Found Disosh's Magic Scroll Emporium.
   658 | D:1      | Reached XP level 3. HP: 24/24 MP: 3/3
  1079 | D:2      | Reached skill level 5 in Fighting
  1202 | D:2      | Noticed Jessica
  1222 | D:2      | Reached XP level 4. HP: 22/31 MP: 4/4
  1224 | D:2      | Killed Jessica
  1550 | D:2      | Reached skill level 6 in Fighting
  1550 | D:2      | Reached XP level 5. HP: 36/36 MP: 5/5
  1820 | D:3      | Found a faded altar of an unknown god.
  2753 | D:4      | Found a runed translucent gate.
  2753 | D:4      | Found a runed translucent gate.
  2753 | D:4      | Found a runed translucent gate.
  2766 | D:4      | Noticed Jase's ghost (amateur HOFi)
  2766 | D:4      | Noticed snaxamus's ghost (novice SpHu)
  2846 | D:4      | Reached skill level 7 in Fighting
  3174 | D:4      | Reached XP level 6. HP: 42/44 MP: 6/6
  3344 | D:4      | Found a staircase to the Ecumenical Temple.
  3371 | Temple   | Entered the Ecumenical Temple
  3503 | Temple   | Became a worshipper of Yredelemnul the Dark
  3534 | D:4      | Noticed a black bear
  3619 | D:5      | Entered Level 5 of the Dungeon
  3855 | D:5      | Noticed an ice beast
  4155 | D:4      | Reached * piety under Yredelemnul
  4313 | D:5      | Noticed Pikel
  4673 | D:5      | Noticed a water moccasin
  4705 | D:4      | Reached XP level 7. HP: 41/48 MP: 7/7
  5035 | D:6      | Reached skill level 8 in Fighting
  5085 | D:6      | Reached skill level 5 in Armour
  5239 | D:6      | Slain by an iguana

Illustrated notes

Levels and vault maps discovered:
D:1:      scummos_arrival_forest, layout_basic, serial_shops, shop_fountains,
          hex_intersection, minmay_stone_trees_small, minmay_misc_feat_roman,
          minmay_misc_feat_secret_circle
D:2:      layout_rooms, serial_curves, eino_curves_01, eino_curves_02,
          st_stairs_3, uniq_jessica
D:3:      kennysheep_big_flooded_room, layout_rooms,
          shapermc_ecumenical_altar_starsandcircs
D:4:      layout_cave_pods, minmay_temple_entry_glass, gammafunk_ghost_cemetery,
          kennysheep_generic_room_8
D:5:      layout_basic, uniq_pikel
D:6:      layout_cave_pools, lemuel_coloured_pillars_altar, serial_shops,
          nicolae_stop_n_shop_1, uniq_crazy_yiuf_cottage
Temple:   kilobyte_greek_temple

Skill      XL: |  1  2  3  4  5  6  7 |
---------------+----------------------+-----
Fighting       | 4 5 6 7 8 |  8.1
Armour         | 4 5 |  5.0
Maces & Flails | 3 |  3.9
Shields        | |  3.3

Action                   |  1- 3 |  4- 6 |  7- 9 || total
-------------------------+-------+-------+-------++-------
Melee: Flail             |   121 |   207 |    62 ||   390
Evoke: Wand              |       |     1 |       ||     1
 Stab: Distracted        |       |       |     1 ||     1
Armor: Scale mail        |    83 |    85 |       ||   168
       Chain mail        |       |    77 |    43 ||   120
Dodge: Dodged            |    74 |   111 |    15 ||   200
Block: Buckler           |    29 |    62 |    12 ||   103
